 Dungeon Crawl Stone Soup version 0.29.1-12-g30fa7ad0bf (webtiles) character file.

Game seed: 6222516754112363511

2766 Sanktem7 the Fighter (level 9, -8/86 HPs)
             Began as a Minotaur Fighter on Dec 24, 2022.
             Was an Initiate of Okawaru.
             Mangled by an orc knight
             ... wielding a +0 war axe
              (20 damage)
             ... in a bailey.
             The game lasted 00:15:30 (7472 turns).

Sanktem7 the Fighter (Minotaur Fighter)             Turns: 7472, Time: 00:15:30

Health: -8/86      AC: 14    Str: 25    XL:     9   Next: 42%
Magic:  0/8        EV:  8    Int:  5    God:    Okawaru [......]
Gold:   409        SH:  4    Dex: 10    Spells: 8/8 levels left

rFire   + . .      SeeInvis .   a - +0 war axe {axe}
rCold   x . .      Faith    .   c - +0 buckler
rNeg    . . .      Spirit   +   m - +0 chain mail
rPois   .          Reflect  .   (helmet restricted)
rElec   .          Harm     .   G - +1 cloak
rCorr   .          Rampage  .   (no gloves)
Will    .....                   D - +0 pair of boots
Stlth   ..........              z - amulet of guardian spirit
HPRegen 0.24/turn               g - ring of wizardry
MPRegen 0.11/turn               C - ring of fire

@: no status effects
A: horns 2, retaliatory headbutt
a: Renounce Religion


You were in a bailey.
You worshipped Okawaru.
Okawaru was noncommittal.
You visited 2 branches of the dungeon, and saw 9 of its levels.
You also visited: Ossuary and Bailey.

You collected 409 gold pieces.


Innate Abilities, Weirdness & Mutations

You have a pair of horns on your head.
You reflexively headbutt those who attack you in melee.


   Skills:
 * Level 10.4 Fighting
 * Level 10.1 Axes
 + Level 1.2 Throwing
 + Level 7.8 Armour
 - Level 3.6 Shields


You had 8 spell levels left.
You didn't know any spells.
Your spell library contained the following spells:

 Spells                   Type           Power      Damage    Failure   Level
 Sting                    Tmut/Pois      0%         1d3       80%         1
 Poisonous Vapours        Pois/Air       0%         N/A       90%         2
 Gell's Gravitas          Tloc           0%         N/A       98%         3
 Teleport Other           Tloc           0%         N/A       98%         3
 Leda's Liquefaction      Hex/Erth       0%         N/A       100%        4
 Olgreb's Toxic Radiance  Pois           0%         N/A       100%        4
 Blade Hands              Tmut           0%         N/A       100%        5
 Irradiate                Conj/Tmut      0%         3d11      100%        5
 Lee's Rapid Deconstruct  Erth           0%         3d5*      100%        5
 Dispersal                Tloc           0%         N/A       100%        6
 Statue Form              Tmut/Erth      0%         N/A       100%        6
 Dragon Form              Tmut           0%         N/A       100%        7

Inventory:

Hand Weapons
 a - a +0 war axe (weapon) {axe}
 K - a +3 spear of venom {polearm}
   (You took it off a gnoll on level 8 of the Dungeon)
Missiles
 e - 17 poisoned darts (quivered) {throwing}
 i - 67 stones {throwing}
 p - 4 javelins {throwing}
Armour
 c - a +0 buckler (worn)
 m - a +0 chain mail (worn)
   (You found it on level 1 of the Dungeon)
 D - a +0 pair of boots (worn)
   (You found it on level 5 of the Dungeon)
 G - a +1 cloak (worn)
   (You found it on level 6 of the Dungeon)
Magical Staves
 f - a staff of death {!astaff}
   (You found it on level 1 of the Dungeon)
 o - a staff of poison {!astaff}
   (You found it on level 2 of the Dungeon)
Jewellery
 g - a ring of wizardry (left hand)
   (You found it on level 1 of the Dungeon)
 z - an amulet of guardian spirit (around neck)
   (You found it on level 4 of the Dungeon)
 C - a ring of fire (right hand)
   (You found it on level 5 of the Dungeon)
 J - a +4 ring of protection
   (You found it on level 7 of the Dungeon)
Wands
 s - a wand of polymorph (7)
   (You found it on level 3 of the Dungeon)
 v - a wand of iceblast (24)
   (You found it on level 3 of the Dungeon)
Scrolls
 j - 5 scrolls of teleportation {@r4}
 r - 2 scrolls of magic mapping {!r}
 t - a scroll of silence {!r}
 u - 2 scrolls of poison {!r}
 w - 3 scrolls of immolation {!r!r}
 x - a scroll of butterflies
 y - 3 scrolls of enchant weapon {unknown}
 B - a scroll of identify {@r1}
 F - a scroll of vulnerability {unknown}
 I - 2 scrolls of blinking {unknown}
Potions
 b - a potion of mutation {!q}
 d - 2 potions of might
 h - 3 potions of invisibility
 k - 4 potions of attraction {!q}
 l - 2 potions of heal wounds {@q2}
 n - 3 potions of curing {@q1}
 q - 2 potions of brilliance {unknown}
 A - a potion of haste {unknown}
 E - a potion of ambrosia {unknown}
 H - a potion of lignification {unknown}

Dungeon Overview and Level Annotations

Branches:
Dungeon (8/15) Zot: 26883  Temple (1/1) D:7 Zot: 5953 Ossuary (visited)
 Bailey (1/1) Zot: 5544
   Lair: D:8-11

Altars:
Cheibriados
Dithmenos
Elyvilon
Fedhas
Gozag
Hepliaklqana
Kikubaaqudgha
Okawaru
Trog
Uskayaw
Vehumet
Wu Jian
Xom
Zin
The Shining One

Shops:
D:1 [

Annotations:
D:4 2 transporters, wormed's ghost, amateur TrGl
D:7 1 runed translucent door, Crazy Yiuf

######~~~~...~~~~######
#...........#
#####'''#####
#..'.))..'(.#
#..'.....)..#
####..#..⌠..#(.####
#...).#.....#.)...#
#.8...#.....#o..8.#
#.....#######@..).#
#.8#### ####8.# #..#
#..# #.8# #8.# #o.#
#..# ##o# #+##


gg# #gg# #.o# You could see an orc knight.


Message History

You hit the orc warrior.
You headbutt the orc warrior, but do no damage.
The orc warrior hits you but does no damage.
You hit the orc warrior but do no damage.
Your headbutt misses the orc warrior.
The orc warrior hits you but does no damage.
The orc warrior hits you with a +0 hand axe!
* * * LOW HITPOINT WARNING * * *
😨 HP[-7] MP[-2]
You take 7 damage, and now have 35/86 hp.
You lost 2 mp, and now have 6/8 mp.
You barely miss the orc warrior. You block the orc warrior's attack.
You barely miss the orc warrior. You headbutt the orc warrior.
The orc warrior hits you with a +0 hand axe!
* * * LOW HITPOINT WARNING * * *
😨 HP[-8] MP[-1]
You take 8 damage, and now have 27/86 hp.
You lost 1 mp, and now have 5/8 mp.
You hit the orc warrior.
The orc warrior hits you with a +0 hand axe.
* * * LOW HITPOINT WARNING * * *
😨 HP[-5] MP[-1]
You take 5 damage, and now have 22/86 hp.
You lost 1 mp, and now have 4/8 mp.
You closely miss the orc warrior.
The orc warrior hits you but does no damage. 😨 HP[+1]
The hobgoblin shouts!
You slash the orc warrior!
You kill the orc warrior!
Okawaru accepts your kill.
You barely miss the hobgoblin. You headbutt the hobgoblin.
The hobgoblin hits you with a +4 war axe.
* * * LOW HITPOINT WARNING * * *
😱 HP[-5] MP[-1]
You take 5 damage, and now have 18/86 hp.
You lost 1 mp, and now have 3/8 mp.
You barely miss the hobgoblin. You headbutt the hobgoblin.
You kill the hobgoblin!
Okawaru accepts your kill.
An orc is nearby!
The orc hits you but does no damage.
Items here: )) [[ †. 😱 HP[+1] MP[+1]
You slash the orc!
You kill the orc!
Okawaru accepts your kill.
You start resting.
An orc knight is nearby! 😨 HP[+8] MP[+3]
You regained 8 hp, and now have 27/86 hp.
You regained 3 mp, and now have 7/8 mp.
An orc knight is nearby!
The orc knight shouts! 😨 HP[+1] MP[+1]
Your mp is fully restored (8).
You are too injured to fight recklessly!
Throw: 19 darts (poison) {throwing}
Press: ? - help, Q - select action, (/) - cycle Shift-Dir - straight line, f - orc knight
Aim: an orc knight, wielding a +0 war axe and wearing a +0 chain mail (58% to hit)
You throw a poisoned dart {throwing}.
The poisoned dart {throwing} hits the orc knight.
The orc knight is poisoned.
Throw: 18 darts (poison) {throwing}
Press: ? - help, Q - select action, (/) - cycle Shift-Dir - straight line, f/p - orc knight
Aim: an orc knight, wielding a +0 war axe and wearing a +0 chain mail (lightly wounded, poisoned, 58% to hit)
You throw a poisoned dart {throwing}.
The poisoned dart {throwing} barely misses the orc knight.
You hit the orc knight but do no damage.
The orc knight barely misses you. 😨 HP[+1]
You slash the orc knight! Your headbutt misses the orc knight.
The orc knight hits you with a +0 war axe.
* * * LOW HITPOINT WARNING * * *
😨 HP[-2]
You take 2 damage, and now have 27/86 hp.
You barely miss the orc knight.
The orc knight hits you with a +0 war axe.
* * * LOW HITPOINT WARNING * * *
😨 HP[-3] MP[-1]
You take 3 damage, and now have 24/86 hp.
You lost 1 mp, and now have 7/8 mp.
You hit the orc knight but do no damage.
The orc knight hits you but does no damage.
You barely miss the orc knight. Your headbutt misses the orc knight.
The orc knight hits you but does no damage. 😨 HP[+1]
You hit the orc knight.
The orc knight hits you with a +0 war axe!
* * * LOW HITPOINT WARNING * * *
😱 HP[-13] MP[-3]
You take 13 damage, and now have 12/86 hp.
You lost 3 mp, and now have 4/8 mp.
You hit the orc knight.
You headbutt the orc knight, but do no damage.
The orc knight looks more healthy.
The orc knight hits you but does no damage.
You closely miss the orc knight.
The orc knight hits you with a +0 war axe!!
You die...

Skill      XL: |  1  2  3  4  5  6  7  8  9 |
---------------+----------------------------+-----
Fighting       | 4 5 6 7 9 10 | 10.4
Axes           | 3 4 5 6 7 9 10 | 10.1
Armour         | 4 5 6 7 |  7.8
Throwing       | 1 |  1.2
Shields        | |  3.6

Action                   |  1- 3 |  4- 6 |  7- 9 || total
-------------------------+-------+-------+-------++-------
Melee: War axe           |    75 |    83 |   254 ||   412
       Headbutt          |    10 |     9 |    36 ||    55
Throw: Dart              |       |       |    10 ||    10
  Use: Scroll            |       |     5 |     8 ||    13
       Potion            |       |       |     2 ||     2
Armor: Scale mail        |    15 |       |       ||    15
       Chain mail        |    23 |    41 |   169 ||   233
Dodge: Dodged            |    24 |    23 |   109 ||   156
Block: Buckler           |    15 |     9 |    59 ||    83

Levels and vault maps discovered:
D:1:      dpeg_arrival_orchard, layout_basic, serial_shops, nicolae_diamond_shop
D:2:      layout_rooms
D:3:      layout_basic, lemuel_tele_altar, overflow_temple_1_default
D:4:      minmay_inner_zag, layout_basic, gammafunk_ghost_mausoleum
D:5:      layout_loops_ring, serial_bayou_crossing
D:6:      layout_gridville, nicolae_dithmenos_shadow_blocks,
          lightli_ossuary_entry_decrepit_ruins
D:7:      layout_cave_pods, lemuel_coloured_pillars_altar,
          mainiacjoe_overflow_surrounded_room, temple_green, water_boxes_lemuel,
          uniq_crazy_yiuf_cottage
D:8:      nicolae_cairo_tiling_large_dashed, layout_loops_ring, enter_bailey_2
Temple:   hellmonk_temple_forest_ring
Bailey:   bailey_axe_of_yendor_kennysheep, bailey

Notes
Turn   | Place    | Note
-------+----------+-------------------------------------------
     0 | D:1      | Sanktem7 the Minotaur Fighter began the quest for the Orb.
     0 | D:1      | Reached XP level 1. HP: 19/19 MP: 0/0
     0 | D:1      | magus.rc [v1.9.6]
     4 | D:1      | You add the spells Sting, Poisonous Vapours and Olgreb's
                  | Toxic Radiance to your library.
   155 | D:1      | Reached XP level 2. HP: 26/27 MP: 1/1
   308 | D:1      | Reached skill level 4 in Fighting
   445 | D:1      | Reached skill level 3 in Axes
   623 | D:1      | Found Tucladow's Antique Armour Emporium.
  1113 | D:2      | Reached XP level 3. HP: 33/33 MP: 2/2
  1141 | D:2      | Reached skill level 4 in Armour
  1784 | D:3      | You pick up a book of the Earth and begin reading...
  1784 | D:3      | You add the spells Leda's Liquefaction, Lee's Rapid
                  | Deconstruction and Statue Form to your library.
  1810 | D:3      | Found a white marble altar of Elyvilon.
  1842 | D:3      | Found an ornate altar of the Wu Jian Council.
  1973 | D:3      | Reached XP level 4. HP: 41/41 MP: 3/3
  2235 | D:3      | You add the spells Gell's Gravitas, Teleport Other and
                  | Dispersal to your library.
  2344 | D:4      | Noticed a black bear
  2350 | D:4      | Killed a black bear
  2351 | D:4      | Reached skill level 5 in Fighting
  2351 | D:4      | Reached skill level 4 in Axes
  2351 | D:4      | Reached XP level 5. HP: 45/48 MP: 4/4
  2517 | D:4      | Found a transporter.
  2520 | D:4      | Noticed wormed's ghost (amateur TrGl)
  2521 | D:4      | Noticed a black bear
  2525 | D:4      | Noticed an ogre
  2526 | D:4      | Reached skill level 5 in Axes
  2527 | D:4      | Killed a black bear
  2528 | D:4      | Reached skill level 6 in Fighting
  2528 | D:4      | Reached skill level 5 in Armour
  2528 | D:4      | Reached XP level 6. HP: 51/57 MP: 5/5
  2535 | D:4      | HP: 9/57 [ogre/+0 giant club (17)]
  2814 | D:4      | Found a transporter.
  2976 | D:4      | Reached skill level 6 in Axes
  3125 | D:4      | Reached XP level 7. HP: 64/64 MP: 6/6
  3675 | D:5      | Entered Level 5 of the Dungeon
  3675 | D:5      | Noticed a hornet
  3682 | D:5      | HP: 9/64 [hornet (9)]
  3682 | D:5      | Paralysed by a hornet for 1 turns
  3683 | D:5      | Killed a hornet
  3684 | D:5      | Reached skill level 7 in Fighting
  3702 | D:5      | HP: 15/66 [quokka (2)]
  3707 | D:5      | HP: 15/66 [quokka (1)]
  3937 | D:5      | Reached skill level 7 in Axes
  4172 | D:5      | Reached skill level 6 in Armour
  4252 | D:5      | Reached XP level 8. HP: 68/74 MP: 7/7
  4325 | D:5      | Reached skill level 8 in Fighting
  4750 | D:6      | Found a sand-covered staircase.
  4757 | Ossuary  | Entered an ossuary
  4992 | D:6      | Reached skill level 8 in Axes
  5122 | D:6      | Reached skill level 9 in Fighting
  5206 | D:6      | Reached skill level 7 in Armour
  5408 | D:6      | Found a shadowy altar of Dithmenos.
  5676 | D:7      | You pick up a book of Transfigurations {@e2} and begin
                  | reading...
  5676 | D:7      | You add the spells Irradiate, Blade Hands and Dragon Form
                  | to your library.
  5800 | D:7      | Reached skill level 9 in Axes
  5847 | D:7      | Reached XP level 9. HP: 49/84 MP: 5/8
  6117 | D:7      | Found a glowing golden altar of the Shining One.
  6373 | D:7      | Found a runed translucent door.
  6374 | D:7      | Noticed Crazy Yiuf
  6433 | D:7      | Found a staircase to the Ecumenical Temple.
  6439 | Temple   | Entered the Ecumenical Temple
  6467 | Temple   | Became a worshipper of Warmaster Okawaru
  6531 | D:7      | Found a blossoming altar of Fedhas.
  6737 | D:7      | Reached skill level 10 in Fighting
  7010 | D:8      | Found a flagged portal.
  7019 | Bailey   | Entered a bailey
  7296 | Bailey   | Noticed an orc knight
  7307 | Bailey   | HP: 11/85 [orc knight/+0 war axe (13)]
  7315 | Bailey   | Reached skill level 10 in Axes
  7315 | Bailey   | Reached skill level 1 in Throwing
  7421 | Bailey   | HP: 18/86 [hobgoblin/+4 war axe (5)]
  7470 | Bailey   | HP: 12/86 [orc knight/+0 war axe (13)]
  7472 | Bailey   | Mangled by an orc knight

Vanquished Creatures
  A hornet (D:5)
  An acid dragon (D:5)
  A sky beast (D:7)
  An ice beast (D:7)
  4 orc warriors
  3 black bears
  An ogre (D:4)
  A centaur (D:6)
  A phantom (D:5)
  A bullfrog (D:7)
  2 necrophages
  2 scorpions
  A gnoll sergeant (D:7)
  An electric eel (D:7)
  3 howler monkeys
  2 centaur zombies (Ossuary)
  A jelly (D:4)
  3 orc priests
  A gnoll bouda (D:8)
  3 hounds
  3 iguanas (D:5)
  6 orc wizards
  3 mummies (Ossuary)
  9 adders
  9 gnolls
  2 shadow imps
  3 white imps
  An ufetubus (D:5)
  2 worms
  2 dart slugs
  22 orcs
  6 endoplasms
  A giant cockroach (D:2)
  A gnoll zombie (Ossuary)
  8 goblins
  12 hobgoblins
  4 jackals
  A quokka (D:5)
  6 ball pythons
  4 bats
  4 frilled lizards
  2 goblin zombies (Ossuary)
  A hobgoblin zombie (Ossuary)
  10 kobolds
  2 kobold zombies (Ossuary)
  6 rats
164 creatures vanquished.

Vanquished Creatures (others)
  An orc wizard (D:4)
  4 plants (D:5)
5 creatures vanquished.

Grand Total: 169 creatures vanquished

Table legend:
 A = Non-vault XP
 B = Vault XP
 C = Vault XP percentage of total XP
 D = Non-vault monster count
 E = Vault monster count
 F = Vault count percentage of total count
                 A         B        C        D         E       F
            +---------+---------+-------+---------+---------+-------
      Total |    3358 |     594 |  15.0 |     135 |      30 |  18.2
            +---------+---------+-------+---------+---------+-------
        D:1 |      39 |       0 |   0.0 |      22 |       0 |   0.0
        D:2 |      49 |       0 |   0.0 |      22 |       0 |   0.0
        D:3 |      21 |       0 |   0.0 |      11 |       0 |   0.0
        D:4 |     574 |     139 |  19.5 |      15 |       7 |  31.8
        D:5 |     733 |       0 |   0.0 |      13 |       0 |   0.0
        D:6 |     732 |       0 |   0.0 |      20 |       0 |   0.0
        D:7 |     850 |       0 |   0.0 |      17 |       0 |   0.0
        D:8 |     360 |       0 |   0.0 |      15 |       0 |   0.0
    Ossuary |       0 |     157 | 100.0 |       0 |      11 | 100.0
     Bailey |       0 |     298 | 100.0 |       0 |      12 | 100.0
            +---------+---------+-------+---------+---------+-------

Illustrated notes

Table legend:
 A = Kills in this place as a percentage of kills in entire the game.
 B = Kills by you in this place as a percentage of kills by you in the entire game.
 C = Kills by friends in this place as a percentage of kills by friends in the entire game.
 D = Other kills in this place as a percentage of other kills in the entire game.
 E = Experience gained in this place as a percentage of experience gained in the entire game.
 F = Experience gained in this place divided by the number of levels of this place that you have seen.
                   A       B       C       D       E      F
               +-------+-------+-------+-------+-------+----------------------
         Total | 100.0 | 100.0 |   N/A | 100.0 | 100.0 | 359.3
       Dungeon |  86.1 |  86.0 |   N/A | 100.0 |  88.5 | 437.1
       Ossuary |   6.7 |   6.7 |   N/A |   0.0 |   4.0 | 157.0
        Bailey |   7.3 |   7.3 |   N/A |   0.0 |   7.5 | 298.0
               +-------+-------+-------+-------+-------+----------------------

Table legend: (Time is in decaauts)
 A = Elapsed time spent in this place.
 B = Non-inter-level travel time spent in this place.
 C = Inter-level travel time spent in this place.
 D = Time resting spent in this place.
 E = Time spent auto-exploring this place.
 F = Levels seen in this place.
 G = Mean time per level.
                   A        B        C        D        E       F      G
               +--------+--------+--------+--------+--------+-----+--------+
         Total |   7566 |   7319 |    247 |    124 |   6058 |  11 |  687.8 |
       Dungeon |   6857 |   6627 |    230 |      0 |   5627 |   8 |  857.1 |
        Temple |     46 |     29 |     17 |      0 |     18 |   1 |   46.0 |
       Ossuary |    208 |    208 |      0 |      0 |    149 |   1 |  208.0 |
        Bailey |    454 |    454 |      0 |    124 |    264 |   1 |  454.0 |
               +--------+--------+--------+--------+--------+-----+--------+

Top non-repeatable levels by time:
     D:4: 1390 daAuts
     D:7: 1190 daAuts
     D:1: 1118 daAuts
     D:5: 1081 daAuts
     D:6: 738 daAuts
     D:2: 611 daAuts
     D:3: 608 daAuts
  Bailey: 454 daAuts
 Ossuary: 208 daAuts
     D:8: 117 daAuts
  Temple: 46 daAuts
